 Dungeon Crawl Stone Soup version 0.27-a0-406-g23f261fbd2 (webtiles) character file.

Game seed: 3058249345131450222

142965 kae the Executioner (level 17, -5/160 HPs)
             Began as a Hill Orc Fighter on Feb 22, 2021.
             Was the Champion of Qazlal.
             Slain by a seven-headed hydra (13 damage)
             ... on level 4 of the Swamp on Feb 23, 2021.
             The game lasted 00:24:25 (34080 turns).

kae the Executioner (Hill Orc Fighter)             Turns: 34080, Time: 00:24:25

Health: -5/160     AC: 33    Str: 34    XL:     17   Next: 36%
Magic:  29/29      EV: 11    Int:  8    God:    Qazlal [******]
Gold:   864        SH:  8    Dex: 19    Spells: 16/16 levels left

rFire    + . .     SeeInvis .   U - +6 battleaxe of the Trees {vorpal, rF+ rN+ Str+2 Dex+3}
rCold    + . .     Faith    .   (shield currently unavailable)
rNeg     + . .     Spirit   .   h - +11 scale mail "Ollud" {rPois rC+ Regen+}
rPois    +         Reflect  .   X - +0 helmet "Anyad" {Rampage rElec Regen+}
rElec    +         Harm     .   A - +2 cloak
rCorr    .         Rampage  +   (no gloves)
Will     +....                  e - +2 pair of boots of Leef {Slay+5}
Stlth    ..........             C - amulet of magic regeneration
HPRegen  2.36/turn              L - +6 ring of dexterity
MPRegen  0.46/turn              o - +6 ring of strength

@: lethally poisoned (-5 -> -5), grasped by roots, protected from physical
damage, constricted, repel missiles, very slow
A: no striking features
a: Renounce Religion, Upheaval, Elemental Force, Disaster Area


You were on level 4 of the Swamp.
You worshipped Qazlal.
Qazlal was exalted by your worship.
You visited 5 branches of the dungeon, and saw 28 of its levels.
You also visited: Bailey and Ice Cave.

You collected 3651 gold pieces.
You spent 2787 gold pieces at shops.

Inventory:

Hand Weapons
 T - a +4 broad axe
 U - the +6 battleaxe of the Trees (weapon) {vorpal, rF+ rN+ Str+2 Dex+3}
   (You bought it in a shop on level 1 of the Orcish Mines)

   It inflicts extra damage upon your enemies.
   It affects your strength (+2).
   It affects your dexterity (+3).
   It protects you from fire.
   It protects you from negative energy.
Armour
 e - the +2 pair of boots of Leef (worn) {Slay+5}
   (You bought it in a shop on level 1 of the Orcish Mines)

   It affects your accuracy and damage with ranged weapons and melee attacks
   (+5).
 h - the +11 scale mail "Ollud" (worn) {rPois rC+ Regen+}
   (You bought it in a shop on level 1 of the Orcish Mines)

   It protects you from cold.
   It protects you from poison.
   It increases your rate of regeneration.
 j - the +6 plate armour "Anedaent" {Rampage rPois}
   (You bought it in a shop on level 2 of the Orcish Mines)

   It protects you from poison.
   It bestows one free step when moving towards enemies.
 A - a +2 cloak (worn)
 X - the +0 helmet "Anyad" (worn) {Rampage rElec Regen+}
   (You found it on level 14 of the Dungeon)

   It insulates you from electricity.
   It increases your rate of regeneration.
   It bestows one free step when moving towards enemies.
Jewellery
 b - a ring of protection from fire
 f - a +6 ring of dexterity
 g - a ring of magical power
 n - the ring of Tackih {+Inv rC+ rN+ Int-5 Dex+3}
   (You found it in a bailey)

   [ring of protection from cold]

   It affects your intelligence (-5).
   It affects your dexterity (+3).
   It protects you from cold.
   It protects you from negative energy.
   It lets you turn invisible.
 o - a +6 ring of strength (right hand)
 y - a ring of positive energy
 C - an amulet of magic regeneration (around neck)
 E - a ring of wizardry
 L - a +6 ring of dexterity (left hand)
 O - a ring of positive energy
 S - a ring of magical power
 V - a ring of resist corrosion
 Y - a ring of willpower
 Z - a +6 ring of strength
Wands
 p - a wand of iceblast (20)
 q - a wand of digging (9)
 x - a wand of flame (58)
 B - a wand of random effects (11)
 J - a wand of paralysis (40)
 M - a wand of acid (15)
 Q - a wand of mindburst (24)
Scrolls
 m - 3 scrolls of blinking
 r - 14 scrolls of teleportation
 u - a scroll of enchant weapon
 D - 6 scrolls of fog
 I - 4 scrolls of identify
 N - a scroll of enchant armour
 P - 4 scrolls of magic mapping
 W - a scroll of fear
Potions
 c - 10 potions of curing
 d - 4 potions of might
 i - 4 potions of lignification
 k - 4 potions of brilliance
 l - 5 potions of haste
 s - 5 potions of attraction
 t - 4 potions of flight
 v - 3 potions of ambrosia
 w - 3 potions of resistance
 z - 10 potions of heal wounds
 F - 5 potions of degeneration
 G - a potion of mutation
 H - 4 potions of invisibility
 K - 3 potions of cancellation
 R - a potion of berserk rage


   Skills:
 + Level 16.8 Fighting
 * Level 23.7 Axes
 + Level 14.8 Armour
 + Level 4.6 Dodging
 - Level 4.0 Shields
 + Level 17.2 Invocations


You had 16 spell levels left.
You didn't know any spells.
Your spell library contained the following spells:

 Spells                   Type           Power        Failure   Level
 Animate Skeleton         Necr           0%           56%         1
 Apportation              Tloc           0%           56%         1
 Corona                   Hex            0%           56%         1
 Foxfire                  Conj/Fire      0%           56%         1
 Magic Dart               Conj           0%           56%         1
 Sandblast                Erth           0%           56%         1
 Summon Small Mammal      Summ           0%           56%         1
 Call Imp                 Summ           0%           71%         2
 Poisonous Vapours        Pois/Air       0%           71%         2
 Searing Ray              Conj           0%           71%         2
 Call Canine Familiar     Summ           0%           90%         3
 Conjure Flame            Conj/Fire      0%           90%         3
 Dazzling Flash           Conj/Hex       0%           90%         3
 Inner Flame              Hex/Fire       0%           90%         3
 Mephitic Cloud           Conj/Pois/Air  0%           90%         3
 Stone Arrow              Conj/Erth      0%           90%         3
 Summon Guardian Golem    Hex/Summ       0%           90%         3
 Animate Armour           Summ/Erth      0%           100%        4
 Fulminant Prism          Conj/Hex       0%           100%        4
 Iskenderun's Mystic Bla  Conj/Tloc      0%           100%        4
 Sticky Flame             Conj/Fire      0%           100%        4
 Summon Ice Beast         Ice/Summ       0%           100%        4
 Summon Lightning Spire   Summ/Air       0%           100%        4
 Bolt of Magma            Conj/Fire/Erth 0%           100%        5
 Fireball                 Conj/Fire      0%           100%        5
 Irradiate                Conj/Tmut      0%           100%        5
 Iskenderun's Battlesphe  Conj           0%           100%        5
 Freezing Cloud           Conj/Ice/Air   0%           100%        6
 Hydra Form               Tmut           0%           100%        6
 Iron Shot                Conj/Erth      0%           100%        6
 Statue Form              Tmut/Erth      0%           100%        6
 Dragon Form              Tmut           0%           100%        7
 Orb of Destruction       Conj           0%           100%        7
 Spellforged Servitor     Conj/Summ      0%           100%        7


Dungeon Overview and Level Annotations

Branches:
Dungeon (15/15)            Temple (1/1) D:4            Lair (6/6) D:9
  Swamp (4/4) Lair:2        Snake (0/4) Lair:3        Slime (0/5) Lair:6
    Orc (2/2) D:10            Elf (0/3) Orc:2        Vaults (0/5) D:14
 Depths (0/5) D:15         Bailey (visited)           IceCv (visited)

Altars:
Ashenzari
Cheibriados
Dithmenos
Elyvilon
Fedhas
Gozag
Hepliaklqana
Kikubaaqudgha
Makhleb
Nemelex Xobeh
Okawaru
Qazlal
Ru
Sif Muna
Trog
Uskayaw
Vehumet
Wu Jian
Xom
Yredelemnul
Zin
The Shining One
Beogh
Jiyva

Shops:
D:6 !*   D:10 (   Orc:1 ([==[   Orc:2 ?:[?

Annotations:
Lair:2 2 transporters, exclusion: oklob plant, Bujelir's ghost, journeyman BaSk


Message History

The seven-headed hydra grows two more!
You slice the nine-headed hydra!!
The nine-headed hydra is almost dead.
You block the nine-headed hydra's attack. x2
The nine-headed hydra completely misses you.
The nine-headed hydra bites you but does no damage. x4
The nine-headed hydra barely misses you.
The nine-headed hydra bites you but does no damage.
You slice one of the nine-headed hydra's heads off!
The eight-headed hydra grows two more!
You slice the ten-headed hydra!!
You kill the ten-headed hydra!
Qazlal accepts your kill.
You feel sick.
Roots burst forth from the earth!
The grasping roots grab you! The grasping roots constrict you.
Things that are here:
a swamp drake corpse; a swamp dragon corpse You feel sick.
* * * LOW HITPOINT WARNING * * *
The grasping roots constrict you!!
The roots' grasp on you weakens, but your attempt to escape fails.
You escape the roots' grasp.
You enter the shallow water.
Moving in this stuff is going to be slow.
You feel sick.
You block the seven-headed hydra's attack. x2
The seven-headed hydra bites you.
* * * LOW HITPOINT WARNING * * *
You feel more protected from physical attacks.
You block the seven-headed hydra's attack.
The seven-headed hydra bites you but does no damage.
The seven-headed hydra barely misses you.
The seven-headed hydra closely misses you.
Roots burst forth from the earth!
The grasping roots grab you! The grasping roots constrict you.
The shambling mangrove hits you!
* * * LOW HITPOINT WARNING * * *
x2 The grasping roots constrict you!!
The seven-headed hydra bites you but does no damage. x4
The seven-headed hydra bites you!
You die...

≈≈♣♣.≈†#.(...#
≈≈♣♣≈§†#######
≈.♣♣≈≈†≈≈≈≈≈≈≈ .
≈≈≈.≈≈§≈≈≈≈≈≈≈ ≈♣♣♣♣♣♣
≈≈♣♣.≈≈≈≈≈§≈♣♣ ♣♣≈...≈♣
≈.♣♣.≈≈≈§≈≈.♣ ♣♣[..≈≈.♣ ♣≈
§♣♣≈..≈§≈≈≈.♣ ♣...§≈≈.♣...
♣♣♣.≈≈≈≈≈≈≈≈.♣♣.○☼§≈≈.≈≈..
♣≈≈≈≈≈≈≈≈≈≈.♣♣[@f≈§≈≈≈≈..
♣.≈≈§≈..≈≈≈♣♣°†.D≈≈≈≈≈≈≈≈
♣≈≈≈≈≈≈≈≈≈.≈.♣♣†°°≈.♣...≈
♣♣...≈≈≈≈≈..§♣♣.○≈≈≈♣ ♣
♣♣..≈≈≈≈≈°..♣♣≈≈≈.≈♣
♣♣..≈.≈≈≈≈≈.♣♣♣..≈♣♣♣
♣♣≈...§≈≈§≈.≈♣♣♣..♣♣
≈≈.≈≈≈≈≈≈≈≈≈....≈≈≈
♣♣.≈§≈≈≈≈.≈≈≈≈P≈.♣♣


You could see a shambling mangrove and a seven-headed hydra.

Vanquished Creatures
  Bai Suzhen (Swamp:3)
  Rupert (Lair:6)
  The ghost of Bloaty the Severer, an adept HOFi of Beogh (Swamp:4)
  Gastronok (Lair:2)
  Roxanne (Swamp:1)
  A thorn hunter (Swamp:4)
  2 fenstrider witches (Swamp:3)
  The ghost of Useleul the Sharpshooter, an adept KoBe of Trog (Orc:1)
  Louise (D:15)
  3 bunyips
  2 eleionomae
  An ettin (D:15)
  2 fire dragons
  2 ice dragons (IceCv)
  An ogre mage (Orc:2)
  Erolcha (Orc:2)
  15 hydras
  A boulder beetle (D:13)
  6 centaur warriors
  6 alligators
  3 tengu warriors
  2 ghost crabs (Swamp:1)
  9 two-headed ogres
  5 death yaks (Lair:6)
  Urug (Lair:4)
  Sonja (Lair:4)
  4 skeletal warriors
  A death drake (Swamp:3)
  5 goliath frogs
  A shadow wraith (D:14)
  A spriggan druid (Swamp:3)
  2 unseen horrors
  15 swamp dragons
  2 lindwurms
  7 bog bodies
  Pikel (D:5)
  2 oklob plants (Lair:5)
  2 deep elf pyromancers
  3 orc knights
  10 orc sorcerers
  4 will-o-the-wisps
  2 manticores
  2 ugly things
  29 elephants
  4 cyclopes
  9 black mambas
  2 ice statues (IceCv)
  A gargoyle (D:12)
  A torpor snail (Lair:6)
  5 cane toads
  2 molten gargoyles (Lair:6)
  An efreet (D:14)
  6 rime drakes
  A tengu conjurer (Swamp:3)
  3 kobold demonologists (D:13)
  8 komodo dragons
  2 polar bears
  8 trolls
  9 tyrant leeches
  Grinder (D:4)
  A bloated husk (Swamp:1)
  11 blink frogs
  5 dream sheep (Lair:5)
  A hornet (Swamp:2)
  A spriggan (Swamp:2)
  3 wraiths (D:12)
  A vampire (D:14)
  5 wyverns
  25 yaks
  8 basilisks
  4 vampire mosquitoes
  A steam dragon (Lair:6)
  10 swamp worms
  A warg (Orc:2)
  2 soldier ants
  An acid dragon (D:14)
  3 nagas (Lair:3)
  12 water moccasins
  5 hell hounds (Lair:6)
  26 orc warriors
  2 sky beasts
  11 swamp drakes
  2 eyes of draining
  A hornet zombie (D:9)
  2 black bears
  17 ice beasts
  9 centaurs
  6 ogres
  A necrophage (D:8)
  10 wolves
  A lemure (D:5)
  4 phantoms
  5 kobold brigands
  14 bullfrogs
  A water moccasin skeleton (D:8)
  7 scorpions
  11 killer bees
  8 wights (D:7)
  An electric eel (Lair:5)
  7 howler monkeys
  5 lava snakes (Lair:6)
  2 bullfrog zombies
  4 jellies
  5 centaur skeletons
  2 centaur zombies (D:11)
  2 hounds
  Crazy Yiuf (D:4)
  5 bullfrog skeletons
  15 orc priests
  43 orc wizards
  Ijyb (D:5)
  4 iguanas
  8 worker ants
  A worker ant zombie (D:7)
  6 gnolls
  A howler monkey skeleton (D:11)
  10 adders
  3 white imps
  3 ufetubi
  2 adder skeletons
  5 worms
  3 leopard geckos
  109 orcs
  4 bats
  5 giant cockroaches
  10 goblins
  9 hobgoblins
  15 jackals
  46 kobolds
  5 quokkas
  4 frilled lizards
  A quokka skeleton (D:4)
  6 rats
  3 briar patches (Swamp:4)
  8 bushes (Lair:4)
  2 butterflies (Lair:3)
831 creatures vanquished.

Vanquished Creatures (others)
  A bunyip (Swamp:2)
  An eleionoma (Swamp:1)
  A spriggan berserker (Swamp:1)
  A death yak (Lair:6)
  A goliath frog (Swamp:1)
  A bog body (Swamp:1)
  3 bloated husks
  A tyrant leech (Swamp:2)
  25 foxfires
  36 fungi
  60 plants
131 creatures vanquished.

Grand Total: 962 creatures vanquished

Notes
Turn   | Place    | Note
-------+----------+-------------------------------------------
     0 | D:1      | kae the Hill Orc Fighter began the quest for the Orb.
     0 | D:1      | Reached XP level 1. HP: 19/19 MP: 1/1
    29 | D:1      | Reached skill level 3 in Axes
   246 | D:1      | Reached XP level 2. HP: 27/27 MP: 2/2
   927 | D:1      | Reached XP level 3. HP: 33/33 MP: 3/3
  1070 | D:2      | Found a glowing golden altar of the Shining One.
  1920 | D:3      | Reached skill level 1 in Dodging
  1931 | D:3      | Reached skill level 4 in Axes
  2082 | D:3      | Reached XP level 4. HP: 40/40 MP: 4/4
  2681 | D:4      | Noticed Grinder
  2683 | D:4      | Paralysed by Grinder for 4 turns
  2695 | D:4      | Killed Grinder
  2696 | D:4      | Reached skill level 5 in Fighting
  2696 | D:4      | Reached skill level 6 in Axes
  2696 | D:4      | Reached XP level 5. HP: 18/48 MP: 5/5
  2696 | D:4      | Reached XP level 6. HP: 21/56 MP: 6/6
  3016 | D:4      | Found a staircase to the Ecumenical Temple.
  3022 | D:4      | Found a burning altar of Makhleb.
  3044 | Temple   | Entered the Ecumenical Temple
  3280 | Temple   | Became a worshipper of Qazlal Stormbringer
  3310 | D:4      | Found a glowing silver altar of Zin.
  3310 | D:4      | Noticed an angel
  3310 | D:4      | Noticed a green death
  3563 | D:4      | Reached skill level 7 in Axes
  3563 | D:4      | Reached XP level 7. HP: 62/62 MP: 7/7
  3840 | D:4      | Found a runed translucent door.
  3841 | D:4      | Noticed Crazy Yiuf
  4352 | D:4      | Killed Crazy Yiuf
  4398 | D:5      | Entered Level 5 of the Dungeon
  4448 | D:5      | Found a hide-covered altar of Uskayaw.
  4484 | D:5      | Noticed Ijyb
  4499 | D:5      | Killed Ijyb
  4543 | D:5      | Reached skill level 1 in Invocations
  4597 | D:5      | Reached skill level 8 in Axes
  4638 | D:5      | Found a hazy altar of Hepliaklqana.
  4641 | D:5      | Found an ornate altar of the Wu Jian Council.
  4780 | D:5      | Reached * piety under Qazlal
  5057 | D:5      | Noticed Pikel
  5067 | D:5      | Killed Pikel
  5068 | D:5      | Reached skill level 9 in Axes
  5068 | D:5      | Reached XP level 8. HP: 52/71 MP: 8/10
  5970 | D:6      | Reached skill level 10 in Axes
  6272 | D:6      | Found Ucatezin's Distillery.
  6277 | D:6      | Bought a potion of heal wounds for 70 gold pieces
  6277 | D:6      | Bought a potion of lignification for 42 gold pieces
  6277 | D:6      | Bought a potion of curing for 42 gold pieces
  6363 | D:6      | Reached ** piety under Qazlal
  6522 | D:6      | Reached skill level 5 in Invocations
  6560 | D:6      | Found Ecsape's Assorted Antiques.
  6571 | D:6      | Bought a scroll labelled TONIAR ENAIKUB for 27 gold pieces
  6571 | D:6      | Bought a scroll labelled ATUHUI VOICW for 27 gold pieces
  6571 | D:6      | Bought a scroll labelled XABUMN LUCO for 27 gold pieces
  6619 | D:6      | Reached XP level 9. HP: 72/80 MP: 12/12
  7123 | D:7      | Reached skill level 11 in Axes
  8789 | D:8      | Reached skill level 12 in Axes
  9146 | D:8      | Noticed a troll
  9450 | D:8      | Killed a troll
  9451 | D:8      | Reached XP level 10. HP: 68/91 MP: 15/15
  9581 | D:8      | Reached *** piety under Qazlal
  9645 | D:8      | Reached skill level 13 in Axes
  9889 | D:8      | Found a sacrificial altar of Ru.
  9960 | D:8      | Noticed a skeletal warrior
  9974 | D:8      | Killed a skeletal warrior
 10420 | D:9      | Found a staircase to the Lair.
 11482 | D:9      | Found a shimmering blue altar of Sif Muna.
 11717 | D:10     | Entered Level 10 of the Dungeon
 11723 | D:10     | Noticed a two-headed ogre
 11729 | D:10     | Killed a two-headed ogre
 11729 | D:10     | Reached **** piety under Qazlal
 11730 | D:10     | Reached skill level 10 in Fighting
 11730 | D:10     | Reached skill level 14 in Axes
 11744 | D:10     | Found a staircase to the Orcish Mines.
 11744 | D:10     | Found Nyum's Weapon Boutique.
 12101 | D:10     | Found the +8 autumn katana {vorpal, Clar}
 12353 | D:11     | Noticed a two-headed ogre
 12360 | D:11     | Killed a two-headed ogre
 12361 | D:11     | Reached XP level 11. HP: 97/101 MP: 8/18
 12408 | D:11     | Reached skill level 15 in Axes
 12414 | D:11     | Noticed a two-headed ogre
 12419 | D:11     | Noticed a brown ugly thing
 12426 | D:11     | Killed a two-headed ogre
 12427 | D:11     | Reached skill level 10 in Invocations
 12430 | D:11     | Killed a brown ugly thing
 12465 | D:11     | Found a flagged portal.
 12567 | Bailey   | Entered a bailey
 12726 | Bailey   | Noticed an orc knight
 12745 | Bailey   | Killed an orc knight
 12880 | Bailey   | Got an ancient ivory ring
 12946 | Bailey   | Identified the ring of Tackih {+Inv rC+ rN+ Int-5 Dex+3}
                  | (You found it in a bailey)
 13021 | D:11     | Noticed a two-headed ogre
 13028 | D:11     | Killed a two-headed ogre
 13307 | D:11     | Reached skill level 16 in Axes
 13656 | D:12     | Found a frozen archway.
 13701 | IceCv    | Entered an ice cave
 13840 | IceCv    | Reached XP level 12. HP: 106/111 MP: 20/20
 14271 | IceCv    | Noticed an ice dragon
 14274 | IceCv    | Noticed an ice dragon
 14285 | IceCv    | Killed an ice dragon
 14286 | IceCv    | Reached skill level 17 in Axes
 14289 | IceCv    | Killed an ice dragon
 14923 | D:12     | Noticed a two-headed ogre
 14932 | D:12     | Killed a two-headed ogre
 15887 | D:12     | Noticed a two-headed ogre
 15901 | D:12     | Killed a two-headed ogre
 16780 | Lair:1   | Entered Level 1 of the Lair of Beasts
 16796 | Lair:1   | Reached skill level 18 in Axes
 16930 | Lair:1   | Reached ***** piety under Qazlal
 17753 | Lair:2   | Noticed Gastronok
 17770 | Lair:2   | Killed Gastronok
 17771 | Lair:2   | Reached XP level 13. HP: 27/122 MP: 22/22
 18454 | Lair:2   | Found a transporter.
 18462 | Lair:2   | Noticed Bujelir's ghost (journeyman BaSk)
 18498 | Lair:2   | Found a staircase to the Swamp.
 18774 | Lair:2   | Found a transporter.
 19127 | Orc:1    | Entered Level 1 of the Orcish Mines
 19127 | Orc:1    | Found Vyexiumi's Jewellery Shoppe.
 19470 | Orc:1    | Found Peneq's Antique Weapon Shoppe.
 19479 | Orc:1    | Bought a warped battleaxe for 287 gold pieces
 19482 | Orc:1    | Identified the +6 battleaxe of the Trees {vorpal, rF+ rN+
                  | Str+2 Dex+3} (You bought it in a shop on level 1 of the
                  | Orcish Mines)
 19502 | Orc:1    | Found a runed translucent door.
 19503 | Orc:1    | Noticed Useleul's ghost (adept KoBe)
 19746 | Orc:1    | HP: 3/122 [Useleul's ghost (21)]
 19753 | Orc:1    | Killed Useleul's ghost
 19754 | Orc:1    | Reached skill level 19 in Axes
 20329 | Lair:3   | Found a staircase to the Snake Pit.
 20941 | Lair:3   | Reached skill level 5 in Armour
 21305 | Lair:4   | Noticed Urug
 21316 | Lair:4   | Killed Urug
 21417 | Lair:4   | Noticed Sonja
 21418 | Lair:4   | Killed Sonja
 22861 | Lair:5   | Reached XP level 14. HP: 131/132 MP: 24/24
 23128 | Lair:5   | Reached skill level 20 in Axes
 24014 | Lair:6   | Entered Level 6 of the Lair of Beasts
 24167 | Lair:6   | Noticed Rupert
 25313 | Lair:6   | Found a viscous altar of Jiyva.
 25313 | Lair:6   | Found a staircase to the Slime Pits.
 25411 | Lair:6   | Paralysed by Rupert for 4 turns
 25423 | Lair:6   | Killed Rupert
 25799 | Lair:6   | Reached skill level 10 in Armour
 25807 | Lair:6   | Reached skill level 21 in Axes
 25808 | Lair:6   | Reached skill level 15 in Invocations
 26200 | Lair:6   | Found a large runed translucent door.
 26201 | Lair:6   | Found a large runed translucent door.
 26605 | Lair:6   | Reached XP level 15. HP: 92/139 MP: 26/26
 27029 | D:13     | Reached skill level 15 in Fighting
 28251 | D:14     | Found a roughly hewn altar of Beogh.
 28747 | D:14     | Found a gate to the Vaults.
 28946 | D:14     | Found a shadowy altar of Dithmenos.
 29314 | D:14     | Got a smoking helmet
 29325 | D:14     | Identified the +0 helmet "Anyad" {Rampage rElec Regen+}
                  | (You found it on level 14 of the Dungeon)
 29393 | D:15     | Entered Level 15 of the Dungeon
 29614 | D:15     | Reached ****** piety under Qazlal
 29649 | D:15     | Noticed Louise
 29652 | D:15     | Reached skill level 22 in Axes
 29662 | D:15     | Killed Louise
 29944 | D:15     | Found a staircase to the Depths.
 30439 | Orc:2    | Entered Level 2 of the Orcish Mines
 30534 | Orc:1    | Found Guoram's Armour Shop.
 30581 | Orc:1    | Found Tofid Rei's Jewellery Shop.
 30710 | Orc:1    | Found Socirorgh's Armour Emporium.
 30718 | Orc:1    | Bought the +2 pair of boots of Leef {Slay+5} for 595 gold
                  | pieces
 30718 | Orc:1    | Bought the +11 scale mail "Ollud" {rPois rC+ Regen+} for
                  | 1080 gold pieces
 30949 | Orc:2    | Found Omyr's Book Boutique.
 31006 | Orc:2    | Found an ancient bone altar of Kikubaaqudgha.
 31030 | Orc:2    | Reached XP level 16. HP: 151/151 MP: 28/28
 31034 | Orc:2    | Noticed Erolcha
 31039 | Orc:2    | Killed Erolcha
 31042 | Orc:2    | Found a roughly hewn altar of Beogh.
 31042 | Orc:2    | Found Ycwopt's Antique Armour Boutique.
 31053 | Orc:2    | Found Erghub's Magic Scroll Shop.
 31078 | Orc:2    | Found a radiant altar of Vehumet.
 31090 | Orc:2    | Bought an encrusted plate armour for 560 gold pieces
 31104 | Orc:2    | Bought a scroll of identify for 30 gold pieces
 31152 | Orc:2    | Found Secvow's Magic Scroll Shop.
 31193 | Orc:2    | Found a staircase to the Elven Halls.
 31589 | Orc:2    | Identified the +6 plate armour "Anedaent" {Rampage rPois}
                  | (You bought it in a shop on level 2 of the Orcish Mines)
 31823 | Swamp:1  | Entered Level 1 of the Swamp
 31832 | Swamp:1  | Identified Roxanne's Volume of Earth
 31832 | Swamp:1  | Noticed Roxanne
 31859 | Swamp:1  | Killed Roxanne
 32608 | Swamp:2  | Reached skill level 23 in Axes
 33258 | Swamp:3  | Noticed a fenstrider witch
 33263 | Swamp:3  | Killed a fenstrider witch
 33282 | Swamp:3  | Noticed Bai Suzhen
 33307 | Swamp:3  | Killed Bai Suzhen
 33322 | Swamp:3  | Noticed a fenstrider witch
 33331 | Swamp:3  | Killed a fenstrider witch
 33642 | Swamp:3  | Reached XP level 17. HP: 155/159 MP: 29/29
 33820 | Swamp:4  | Entered Level 4 of the Swamp
 33820 | Swamp:4  | Found a runed translucent door.
 33823 | Swamp:4  | Noticed Bloaty's ghost (adept HOFi)
 33872 | Swamp:4  | Killed Bloaty's ghost
 34080 | Swamp:4  | HP: 8/160 [shambling mangrove (18)]
 34080 | Swamp:4  | Slain by a seven-headed hydra

Illustrated notes

Levels and vault maps discovered:
D:1:      lightli_arrival_statue_moat, layout_basic, nrook_campfire,
          minmay_misc_feat_ornament
D:2:      layout_loops_cross, tso_metal_star
D:3:      layout_basic
D:4:      layout_basic, grunt_temple_overflow_order_and_chaos_2,
          minmay_temple_entry_gardened_gates, uniq_crazy_yiuf_cottage,
          uniq_grinder
D:5:      layout_cave_pods, eat_drink_and_be_merry_uskayaw,
          grunt_temple_overflow_open, uniq_pikel, uniq_ijyb
D:6:      layout_loops_cross, serial_shops, nicolae_shop_overgrown_old_shop,
          shop
D:7:      layout_basic
D:8:      layout_basic, marbit_many_paths, serial_glass, glass_columns_b,
          glass_columns_a, glass_columns_a, kb_rosetta
D:9:      layout_long_grid, kennysheep_mini, dpeg_oklobed_lair
D:10:     layout_rooms, orc_david_3
D:11:     layout_rooms, enter_bailey_6
D:12:     minmay_distorted_concentric_squares, layout_basic,
          portal_ice_cave_rime
D:13:     layout_roguey, minivault_24, eino_tiny_chamber,
          kennysheep_generic_room_4
D:14:     layout_layer_cave, david_vaults_4, nicolae_wwwww, special_room
          [special_room_orc], drop_trap, nicolae_dithmenos_shadow_blocks
D:15:     hangedman_depths_entry_civil_slaughter, layout_cave_pods,
          minmay_fractal_squares_gapless_5, uniq_louise
Temple:   regret_index_temple_generic_petals
Lair:1:   layout_regular_city, lemuel_fruit_tree
Lair:2:   layout_loops_ring, skrybe_swamp_entry_bodies, nzn_ghost_randoct,
          uniq_gastronok
Lair:3:   layout_layer_cave, minmay_snake_entry_guardpost_small,
          lemuel_fruit_fields, lemuel_fruit_fields
Lair:4:   layout_loops_ring, st_stairs_10, grunt_megastairs_5, uniq_sonja,
          uniq_urug
Lair:5:   layout_long_grid, infiniplex_staircase_pool, grunt_megastairs_1,
          serial_bayou_shore_a, minmay_lair_oklob_chamber
Lair:6:   cheibrodos_lair_end_hotspot, layout_long_grid,
          dpeg_slime_entry_enclosed_altar, uniq_rupert
Swamp:1:  layout_falls_marsh, evilmike_swamp_ruin_house_5, uniq_roxanne
Swamp:2:  layout_basic_swamp, evilmike_swamp_ruin_house_6, swamp_pool3,
          st_swamp_ruins_1
Swamp:3:  layout_basic_swamp, evilmike_swamp_ruin_house_2, swamp_pool4,
          kb_tengu_band, uniq_bai_suzhen
Swamp:4:  swamp_alternative, layout_basic_swamp, ebering_ghost_reflecting_pool,
          swamp_pool4, statue_in_the_mist_lemuel
Orc:1:    minmay_goldmine, layout_caves, ebering_ghost_inner_flame,
          serial_shops, shop, nicolae_shop_temple_entry_statues_fountains, shop,
          shop, nicolae_shop_stone
Orc:2:    kennysheep_orc_mage_school, layout_caves

Skill      XL: |  1  2  3  4  5  6  7  8  9 10 11 12 13 14 15 16 17 |
---------------+----------------------------------------------------+-----
Axes           | 3 4 6 7 9 10 12 14 16 18 19 21 22 23 | 23.7
Fighting       | 4 5 6 7 9 10 11 13 14 15 16 | 16.8
Dodging        | 1 3 4 |  4.6
Shields        | 4 |  4.0
Invocations    | 3 5 7 9 11 12 14 15 16 17 | 17.2
Armour         | 7 10 12 14 | 14.8

Action                   |  1- 3 |  4- 6 |  7- 9 | 10-12 | 13-15 | 16-18 || total
-------------------------+-------+-------+-------+-------+-------+-------++-------
Melee: War axe           |    96 |    75 |   370 |   620 |    62 |       ||  1223
       Battleaxe         |       |       |       |       |   748 |   322 ||  1070
       Broad axe         |       |       |       |       |    12 |       ||    12
Invok: Upheaval          |       |       |       |     8 |    13 |     5 ||    26
Evoke: Wand              |       |       |       |    23 |     1 |       ||    24
  Use: Scroll            |     1 |       |    11 |    11 |    16 |     3 ||    42
       Potion            |       |       |     1 |     4 |     2 |     1 ||     8
 Stab: Confused          |       |       |       |       |       |     1 ||     1
Armor: Scale mail        |    37 |    25 |   105 |    47 |    15 |   317 ||   546
       Chain mail        |       |       |       |    68 |   272 |       ||   340
Dodge: Dodged            |    26 |    28 |   132 |   171 |   214 |   226 ||   797
       Repelled          |       |       |     2 |     2 |    13 |    11 ||    28
Block: Kite shield       |    42 |    19 |       |       |       |       ||    61
       Buckler           |       |     5 |   108 |   227 |    25 |       ||   365
       Other             |       |       |       |       |   184 |   135 ||   319

Table legend: (Time is in decaauts)
 A = Elapsed time spent in this place.
 B = Non-inter-level travel time spent in this place.
 C = Inter-level travel time spent in this place.
 D = Time resting spent in this place.
 E = Time spent auto-exploring this place.
 F = Levels seen in this place.
 G = Mean time per level.
                   A        B        C        D        E       F      G
               +--------+--------+--------+--------+--------+-----+--------+
         Total |  34081 |  32090 |   1991 |   4158 |  23572 |  30 | 1136.0 |
       Dungeon |  18949 |  17822 |   1127 |   2241 |  13236 |  15 | 1263.3 |
        Temple |    258 |    201 |     57 |      0 |    200 |   1 |  258.0 |
          Lair |   9038 |   8551 |    487 |   1003 |   6679 |   6 | 1506.3 |
         Swamp |   2490 |   2272 |    218 |    112 |   1667 |   4 |  622.5 |
  Orcish Mines |   1944 |   1844 |    100 |    368 |   1117 |   2 |  972.0 |
        Bailey |    382 |    382 |      0 |    112 |    130 |   1 |  382.0 |
      Ice Cave |   1018 |   1018 |      0 |    321 |    542 |   1 | 1018.0 |
               +--------+--------+--------+--------+--------+-----+--------+

Top non-repeatable levels by time:
    D:12: 2100 daAuts
  Lair:5: 2062 daAuts
  Lair:6: 1983 daAuts
     D:7: 1681 daAuts
     D:9: 1615 daAuts
  Lair:2: 1529 daAuts
     D:8: 1511 daAuts
  Lair:4: 1479 daAuts
     D:6: 1409 daAuts
     D:4: 1369 daAuts
     D:5: 1325 daAuts
    D:14: 1255 daAuts
    D:13: 1133 daAuts
  Lair:3: 1105 daAuts
     D:1: 1084 daAuts
